 Dungeon Crawl Stone Soup version 0.17-a0-744-gaa96792 (console) character file.

165 sose the Conjurer (level 5, -6/28 HPs)
             Began as a Deep Elf Conjurer on Apr 21, 2015.
             Mangled by a gnoll
             ... wielding a +0 halberd
              (20 damage)
             ... on level 3 of the Dungeon.
             The game lasted 00:06:16 (1705 turns).

sose the Conjurer (Deep Elf Conjurer)               Turns: 1705, Time: 00:06:16

Health: -6/28      AC:  3    Str:  5    XL:     5   Next: 22%
Magic:  0/14       EV: 13    Int: 21    God:
Gold:   110        SH:  0    Dex: 15    Spells: 4 memorised, 3 levels left

rFire  . . .     SeeInvis .     h - +0 dagger
rCold  . . .     Clarity  .     a - +0 robe
rNeg   . . .     SustAb   .     (no shield)
rPois  .         Gourm    .     (no helmet)
rElec  .         Spirit   .     (no cloak)
rCorr  .         Warding  .     g - +0 pair of gloves
rMut   .         Stasis   .     (no boots)
MR     .....                    (no amulet)
Stlth  ++........               (no ring)
                                (no ring)

@: not resistant to hostile enchantments, unstealthy
A: no striking features
a: no special abilities


You were on level 3 of the Dungeon.
You were hungry.

You visited 1 branch of the dungeon, and saw 3 of its levels.

You collected 110 gold pieces.

Inventory:

Hand weapons
 h - a +0 dagger (weapon)
Armour
 a - a +0 robe (worn)
 g - a +0 pair of gloves (worn)
Magical devices
 r - a wand of frost (32)
 v - a wand of flame (22)
Scrolls
 d - 2 scrolls of noise {unknown}
 e - 2 scrolls of identify {unknown}
 k - a scroll of recharging {unknown}
 m - 3 scrolls of remove curse {unknown}
 o - 4 scrolls of blinking {unknown}
 q - 2 scrolls of random uselessness {unknown}
 s - a scroll of amnesia {unknown}
Potions
 f - a potion of haste {unknown}
 j - a potion of beneficial mutation {unknown}
 l - a potion of heal wounds {unknown}
Books
 b - a book of Conjurations

   Spells                             Type                      Level
   a - Magic Dart                     Conjuration                  1
   b - Searing Ray                    Conjuration                  2
   c - Dazzling Spray                 Conjuration/Hexes            3
   d - Fulminant Prism                Conjuration/Hexes            4
   e - Iskenderun's Mystic Blast      Conjuration                  4
   f - Iskenderun's Battlesphere      Conjuration/Charms           5
 u - a book of Necromancy

   Spells                             Type                      Level
   a - Pain                           Necromancy                   1
   b - Animate Skeleton               Necromancy                   1
   c - Vampiric Draining              Necromancy                   3
   d - Regeneration                   Charms/Necromancy            3
   e - Animate Dead                   Necromancy                   4
   f - Control Undead                 Necromancy                   4
 w - a book of Annihilations {highlevel, unknown}

   This book is beyond your current level of understanding.

   Spells                             Type                      Level
   a - Poison Arrow                   Conjuration/Poison           6
   b - Chain Lightning                Conjuration/Air              8
   c - Lehudib's Crystal Spear        Conjuration/Earth            8
   d - Glaciate                       Conjuration/Ice              9
   e - Fire Storm                     Conjuration/Fire             9
Comestibles
 c - a bread ration
 i - a slice of pizza
 n - 2 meat rations
 p - 3 fruits
 t - a beef jerky


   Skills:
 - Level 2.4 Dodging
 - Level 2.4 Stealth
 + Level 4.8 Spellcasting
 * Level 6.4 Conjurations


You had 3 spell levels left.
You knew the following spells:

 Your Spells              Type           Power        Failure   Level  Hunger
a - Magic Dart            Conj           ####         1%          1    None
b - Searing Ray           Conj           ####..       1%          2    None
c - Dazzling Spray        Conj/Hex       ###.....     12%         3    ##.....
d - Iskenderun's Mystic   Conj           ####....     10%         4    ####...


Dungeon Overview and Level Annotations

Branches:
Dungeon (3/15)

Altars:


Message History

The gnoll is heavily wounded.
The gnoll misses you.
Casting: Searing Ray
Confirm with . or Enter, or press ? or * to list all spells.
Aiming: Searing Ray
Press: ? - help, Shift-Dir - straight line, f - gnoll
Aim: a gnoll, wielding a spear (heavily wounded)
The searing ray hits the gnoll.
The gnoll is almost dead.
The gnoll hits you from afar with a spear!
The searing ray hits the gnoll.
You kill the gnoll!
The searing ray hits the gnoll.
The gnoll is severely wounded.
The gnoll barely misses you.
The searing ray misses the gnoll.
The gnoll hits you from afar with a halberd.
The gnoll hits you from afar with a halberd!!
Ouch! That really hurt!
You die...

##### #.... #####
#.... #...#
#....###...####.#...
#....>.'..@†g...%...
#.....##...####.#.!.
#.....###### #.....#
#####.# #.# #.#
##.########
#.(........


You could see a gnoll.

Vanquished Creatures
  Ijyb (D:2)
  Terence (D:2)
  5 adders
  2 gnolls (D:3)
  A giant gecko (D:2)
  2 ball pythons (D:2)
  5 bats
  A giant cockroach (D:1)
  5 goblins
  6 hobgoblins
  5 jackals
  7 kobolds
  3 giant newts
  3 quokkas
  6 rats
53 creatures vanquished.

Notes
Turn   | Place    | Note
--------------------------------------------------------------
     0 | D:1      | sose, the Deep Elf Conjurer, began the quest for the Orb.
     0 | D:1      | Reached XP level 1. HP: 10/10 MP: 6/6
   391 | D:1      | Reached XP level 2. HP: 12/15 MP: 2/8
   612 | D:1      | Reached skill level 5 in Conjurations
   761 | D:2      | Reached XP level 3. HP: 11/19 MP: 3/10
   840 | D:2      | Noticed Ijyb
   902 | D:2      | Killed Ijyb
  1075 | D:2      | Reached XP level 4. HP: 20/24 MP: 6/12
  1087 | D:2      | Learned a level 2 spell: Searing Ray
  1091 | D:2      | Learned a level 3 spell: Dazzling Spray
  1096 | D:2      | Learned a level 4 spell: Iskenderun's Mystic Blast
  1346 | D:2      | Noticed Terence
  1358 | D:2      | Killed Terence
  1358 | D:2      | Reached skill level 6 in Conjurations
  1623 | D:3      | Reached XP level 5. HP: 28/28 MP: 10/14
  1705 | D:3      | Mangled by a gnoll

Action                   |  1- 3 |  4- 6 || total
-------------------------+-------+-------++-------
Melee: Dagger            |    54 |    12 ||    66
       Unarmed           |     3 |       ||     3
 Cast: Magic Dart        |    65 |    28 ||    93
       Searing Ray       |       |     7 ||     7
 Stab: Sleeping          |     1 |       ||     1
  Eat: Fruit             |     2 |       ||     2
